 Dungeon Crawl Stone Soup version 0.25.1-2-g60ff931df9 (webtiles) character file.

Game seed: 13866480698365951787

116 Johnny the Poker (level 4, -4/38 HPs)
             Began as a Demigod Gladiator on Aug 16, 2020.
             Killed by divine providence
             ... invoked by an orc priest
              (14 damage)
             ... on level 3 of the Dungeon.
             The game lasted 00:02:15 (2732 turns).

Johnny the Poker (Demigod Gladiator)                Turns: 2732, Time: 00:02:15

Health: -4/38      AC:  6    Str: 19    XL:     4   Next: 42%
Magic:  6/6        EV: 12    Int: 18    God:
Gold:   122        SH:  0    Dex: 23    Spells: 3/3 levels left

rFire    . . .     SeeInvis .   a - +0 trident
rCold    . . .     Gourm    .   (no shield)
rNeg     . . .     Faith    .   l - +0 ring mail
rPois    .         Spirit   .   c - +0 helmet
rElec    .         Reflect  .   (no cloak)
rCorr    .         Harm     .   (no gloves)
MR       .....                  (no boots)
Stlth    +.........             (no amulet)
HPRegen  0.12/turn              m - +6 ring of dexterity
MPRegen  0.10/turn              q - +6 ring of intelligence

@: no status effects
A: high mp 1
a: no special abilities


You were on level 3 of the Dungeon.
You were hungry.

You visited 1 branch of the dungeon, and saw 3 of its levels.

You collected 122 gold pieces.

Inventory:

Hand Weapons
 a - a +0 trident (weapon)
Missiles
 d - 3 throwing nets (quivered)
Armour
 c - a +0 helmet (worn)
 l - a +0 ring mail (worn)
Jewellery
 m - a +6 ring of dexterity (left hand)
 q - a +6 ring of intelligence (right hand)
Scrolls
 b - 4 scrolls of remove curse
 k - a scroll of amnesia {unknown}
 n - a scroll of noise {unknown}
 o - a scroll of enchant weapon {unknown}
 p - a scroll of teleportation
Potions
 e - a potion of stabbing
 h - a potion of invisibility {unknown}
 i - a potion of brilliance
 j - a potion of curing {unknown}
 r - a potion of magic {unknown}
Comestibles
 f - 3 rations


   Skills:
 + Level 3.4 Fighting
 + Level 4.0 Polearms
 - Level 1.7 Throwing
 - Level 2.6 Dodging


You had 3 spell levels left.
You didn't know any spells.
Your spell library was empty.

Dungeon Overview and Level Annotations

Branches:
Dungeon (3/15)

Annotations:
D:3 Sigmund


Innate Abilities, Weirdness & Mutations

You have an increased reservoir of magic. (+10% MP)


Message History

The orc priest closely misses you.
Attack whom?
Press: ? - help, Dir - move target cursor, f/p - orc priest
Aim: an orc priest, wielding a +0 trident and wearing a +0 chain mail (heavily wounded)
You reach to attack!
You hit the orc priest.
The orc priest is heavily wounded.
The orc priest closely misses you.
Attack whom?
Press: ? - help, Dir - move target cursor, f/p - orc priest
Aim: an orc priest, wielding a +0 trident and wearing a +0 chain mail (heavily wounded)
You reach to attack!
You hit the orc priest but do no damage.
The orc priest is heavily wounded.
The orc priest mumbles some strange prayers to Beogh against you.
Pain shoots through your body!
* * * LOW HITPOINT WARNING * * *
The orc priest miscasts a cantrip.
The orc priest calls down the wrath of Beogh upon you.
Beogh smites you!
You die...

#.....#.#.#####.#.
#.# #........)#
.#. ##.##
#.........# .#.
#.... #........##
#. #.###
#.....#.## #.#
###o###o# #.#
########.# #o# #.#
#......{.#
#.####### #.#
#####.÷(..#
#@....... ..# ##
#...#÷o)..#
########. ###
.###....o....#
.##..........# # #
.##.#o#......#
#.#)#
...............
.....
.###..#.##...###
#.#.# .#
#....##...# >....
.# #.####....#
#.#.#


You could see an orc priest and an orc.

Vanquished Creatures
  2 orc wizards
  An adder (D:3)
  A worm (D:3)
  A dart slug (D:3)
  2 leopard geckos
  5 orcs
  3 goblins
  4 hobgoblins
  5 kobolds
  3 quokkas (D:3)
  A ball python (D:1)
  9 bats
  2 frilled lizards
  5 rats
44 creatures vanquished.

Notes
Turn   | Place    | Note
-------+----------+-------------------------------------------
     0 | D:1      | Johnny the Demigod Gladiator began the quest for the Orb.
     0 | D:1      | Reached XP level 1. HP: 17/17 MP: 3/3
   253 | D:1      | Reached skill level 3 in Polearms
   347 | D:1      | Found a shattered altar of Ashenzari.
   395 | D:1      | Reached XP level 2. HP: 23/24 MP: 4/4
  1174 | D:3      | Reached XP level 3. HP: 23/30 MP: 5/5
  1412 | D:3      | Noticed Sigmund
  2152 | D:3      | Reached XP level 4. HP: 28/38 MP: 6/6
  2488 | D:2      | Reached skill level 4 in Polearms
  2732 | D:3      | Killed from afar by an orc priest

Illustrated notes

Levels and vault maps discovered:
D:1:      psy_arrival_radial01, layout_rooms, ashenzari_altar_1
D:2:      layout_basic
D:3:      layout_loops_ring, st_stairs_13,
          nicolae_dithmenos_through_a_glass_darkly, uniq_sigmund

Skill      XL: |  1  2  3  4 |
---------------+-------------+-----
Fighting       | 2 3 |  3.4
Polearms       | 3 4 |  4.0
Throwing       | |  1.7
Dodging        | |  2.6

Action                   |  1- 3 |  4- 6 || total
-------------------------+-------+-------++-------
Melee: Trident           |   130 |    39 ||   169
  Use: Scroll            |     6 |       ||     6
       Potion            |     1 |       ||     1
 Stab: Sleeping          |     3 |       ||     3
  Eat: Chunk             |     4 |     1 ||     5
Armor: Leather armour    |     7 |       ||     7
       Ring mail         |    28 |    13 ||    41
       Skin              |     7 |       ||     7
Dodge: Dodged            |    71 |    17 ||    88
